[Event "44th Chess Olympiad Open 2022"]
[Site "Chennai"]
[Date "2022.08.06"]
[Round "8.69"]
[White "Coulibaly, Abdoulaye"]
[Black "Stetsenko, Ilya"]
[Result "0-1"]
[ECO "B17"]
[WhiteElo "1936"]
[BlackElo "1683"]
[Annotator "TA"]
[PlyCount "120"]
[EventDate "2022.07.29"]
[EventType "team-tourn"]
[EventCountry "IND"]
[SourceTitle "playchess.com"]
[Source "ChessBase"]
[SourceQuality "1"]
[WhiteTeam "Mali"]
[BlackTeam "ARU"]
[WhiteTeamCountry "MLI"]
[TimeControl "40/5400+30:1800+30"]

1. e4 c6 2. d4 d5 3. Nc3 dxe4 4. Nxe4 Nd7 5. Nf3 Ngf6 6. Bd3 Nxe4 7. Bxe4 Nf6 {[%emt 0:00:03] B17: Caro-Kann: Modern Line (4...Nd7).} 8. Qd3 (8. Bd3 $1 $11) 8... Nxe4 $15 9. Qxe4 Qd5 {[%emt 0:00:06] Black is slightly better.} 10. Qf4 Qf5 11. O-O Qxc2 {[%emt 0:03:42] [#]} 12. Re1 $146 ({Predecessor:} 12. d5 Qf5 13. dxc6 Qxf4 14. Bxf4 bxc6 15. Rac1 Bb7 16. Ne5 Rc8 17. Rfd1 f6 18. Nc4 {1-0 (52) Wirths,C (1783)-Drose,D (1557) Kranenburg 2005}) 12... Qf5 13. Qc7 Qd7 (13... Qd5 {is more complex.} 14. Ng5 f6 15. Ne4 e6) 14. Qa5 (14. Qg3 $11 {remains equal.}) 14... b6 (14... Qd5 {is more complex.} 15. Qc7 f6 16. a3 Qf7) 15. Qc3 Bb7 16. Bf4 e6 17. Ne5 Qd5 18. Qg3 g6 (18... Qxd4 $2 19. Rad1 Qb4 20. a3 $18) (18... f6 $15 {is more appropriate.} 19. Qg4 Bc8) 19. Ng4 {[%emt 0:01:23] [#] Black must now prevent Nf6+.} Bg7 {[%emt 0:00:30] Inhibits Nf6+.} (19... Qxd4 $2 20. Rad1 Bg7 21. Rxd4 Bxd4 22. Qh4 $18) 20. Be5 Bxe5 21. dxe5 O-O-O 22. h3 c5 23. Nf6 (23. b4 $15) 23... Qd3 (23... Qd2 $19 24. Qc3 h5) 24. Re3 (24. Qxd3 $17 Rxd3 25. Red1 Rxd1+ 26. Rxd1) 24... Qd2 $19 25. b3 Qb2 26. Rae1 Qxa2 27. Ne4 Bxe4 28. Rxe4 Qc2 (28... Rd7 $19 {...Qd2 is the strong threat.} 29. b4 cxb4 30. Rxb4 Kb8) 29. Ra4 {[%emt 0:00:59] White does not recover from this.} (29. Qf3 $17 {keeps fighting.} Kb8 30. Qxf7) 29... Rd1 30. Rxd1 Qxd1+ {[%emt 0:00:02][%mdl 4096] Endgame KQR-KQR} 31. Kh2 Kb8 32. Qf4 $2 {[%emt 0:00:28] [#]} (32. Rf4 Qd7 33. Rf3) 32... Qd7 33. Ra2 Rd8 34. g3 Qc7 35. Qa4 Rd5 36. Re2 Qd7 37. Qf4 h5 38. Qh6 Kb7 39. Qe3 Rd1 40. Qf3+ Kb8 41. g4 hxg4 42. hxg4 Qb7 43. Qf6 Qh1+ 44. Kg3 Rg1+ 45. Kf4 Qh6+ 46. g5 Qh4+ 47. Ke3 Qxg5+ 48. Qxg5 Rxg5 {[%emt 0:00:01] KR-KR} 49. Kf4 Rf5+ 50. Kg4 Kc7 51. f4 Rh5 52. Ra2 a5 53. Rd2 b5 {[%emt 0:00:30][%cal Bb6b5,Bb5c4][%mdl 32] Threatens to win with ...Rh1.} 54. Rd6 Rf5 55. Ra6 c4 56. bxc4 bxc4 57. Rxa5 Kb6 58. Ra8 Kc5 59. Rg8 Kd4 60. Kf3 g5 {[%emt 0:00:29] Weighted Error Value: White=0.57/Black=0.14 (very precise)} 0-1

[Event "44th Chess Olympiad Open 2022"]
[Site "Chennai"]
[Date "2022.08.06"]
[Round "8.69"]
[White "Pesqueira, Jose"]
[Black "Ndiaye, Amadou"]
[Result "1/2-1/2"]
[ECO "B30"]
[WhiteElo "1809"]
[BlackElo "1968"]
[Annotator "TA"]
[PlyCount "92"]
[EventDate "2022.07.29"]
[EventType "team-tourn"]
[EventCountry "IND"]
[SourceTitle "playchess.com"]
[Source "ChessBase"]
[SourceQuality "1"]
[WhiteTeam "ARU"]
[BlackTeam "Mali"]
[BlackTeamCountry "MLI"]
[TimeControl "40/5400+30:1800+30"]

1. e4 c5 2. Nc3 g6 3. Bc4 Bg7 4. Nf3 Nc6 5. a3 Nf6 6. d3 {[%emt 0:00:17] B30: Sicilian: 2...Nc6 3 Bb5, lines without ...g6.} O-O 7. h3 d6 8. O-O {[%emt 0:00:44] The position is equal.} a6 9. Be3 {[%emt 0:04:18] 9.Ba2 is the modern continuation.} Bd7 10. Qd2 b5 11. Ba2 b4 (11... Qc7 $11 {is superior.}) 12. axb4 $14 cxb4 {[%emt 0:00:00] [#]} 13. Na4 $146 {[%emt 0:03:43] White is more active.} ({Predecessor:} 13. Ne2 a5 14. Bh6 Qb6 15. Bxg7 Kxg7 16. Ng3 Ne5 17. Nxe5 dxe5 18. Kh1 a4 19. Bc4 {1-0 (67) Velasquez Ojeda,C (2282)-Gutierrez,J (2014) Santiago de Chile 2008}) 13... Rb8 14. Bc4 a5 15. Bh6 Ne5 16. Nxe5 dxe5 17. Bxg7 (17. Nc5 Bxh6 18. Qxh6 Bb5 $11) (17. Be3 $16) 17... Kxg7 $11 18. Qe3 Bc6 19. c3 Nh5 20. g3 Qd7 21. Nc5 Qxh3 22. Qg5 bxc3 (22... Bb5 $11) 23. bxc3 Rb2 $2 (23... f6 $14 24. Qe3 Kh8) 24. Qh4 $2 {[%emt 0:03:32] Chess con chili.} ({White should try} 24. Qxe7 $18 Kg8 25. Qxe5) 24... Qxh4 $17 25. gxh4 Ra8 $40 {[%emt 0:00:05][%mdl 128] Black attacks with force.} 26. d4 (26. Rfb1 $17 Rxb1+ 27. Rxb1) 26... exd4 $19 27. cxd4 Rc2 (27... a4 $19 {aiming for ...Nf4.} 28. d5 Bb5) 28. Bb3 (28. Rfc1 $17 Rxc1+ 29. Rxc1) 28... Rb2 $2 (28... Rc3 $19 {Strongly threatening ...Nf4.} 29. Rfc1 Rh3) 29. Ba4 $2 (29. Bc4 $11) 29... Bxa4 30. Rxa4 Nf4 31. e5 Nd5 32. Nd3 (32. Rfa1 {was necessary.}) 32... Rb3 33. Nc5 Rb2 34. Nd3 $1 Rd2 35. Nc5 Nc3 {[%emt 0:00:20] Against Ne4} 36. Nb3 Rd3 (36... Nxa4 $2 {loses.} 37. Nxd2 Nc3 38. Ra1 $19) 37. Nc1 Rd2 $2 (37... Nxa4 $2 {is the wrong capture.} 38. Nxd3 Rd8 39. Rb1) (37... Rh3 $19 38. Rc4 Nd5) 38. Ra3 (38. Nb3 $11 {and White is okay.}) 38... Rc2 {[%emt 0:00:28][%cal Oc2c1] [#] Hoping for ...Rxc1!} ({Weaker is} 38... Rxd4 39. Rxc3 a4 40. Ra3 $11) 39. Nd3 Ne2+ 40. Kg2 Nxd4 41. Rfa1 Nf5 42. Ra4 Rd8 43. Ne1 Rb2 44. Nf3 Ne3+ 45. Kg3 Nf5+ (45... Nd1 $142 46. Rd4 Rxd4 47. Nxd4 Nxf2 48. Rxa5 Nd3) 46. Kg2 Ne3+ $2 {[%emt 0:00:00] Weighted Error Value: White=0.59/Black=0.56} (46... Rc8 $19 47. R1a2 {[#]} Rc4 $3 48. Rxa5 Rg4+ 49. Kh2 Rbb4) 1/2-1/2

[Event "44th Chess Olympiad Open 2022"]
[Site "Chennai"]
[Date "2022.08.06"]
[Round "8.71"]
[White "Righi, Ezio"]
[Black "Al-Burshaid, Ebrahim"]
[Result "1-0"]
[ECO "C68"]
[WhiteElo "1912"]
[BlackElo "1702"]
[Annotator "TA"]
[PlyCount "77"]
[EventDate "2022.07.29"]
[EventType "team-tourn"]
[EventCountry "IND"]
[SourceTitle "playchess.com"]
[Source "ChessBase"]
[SourceQuality "1"]
[WhiteTeam "San Marino"]
[BlackTeam "Brunei"]
[WhiteTeamCountry "SMR"]
[BlackTeamCountry "BRN"]
[TimeControl "40/5400+30:1800+30"]

1. e4 e5 2. Nf3 Nc6 3. Bb5 a6 4. Bxc6 dxc6 5. O-O Bg4 6. h3 h5 7. d3 Qf6 8. Nbd2 Ne7 9. Nc4 Bxf3 10. Qxf3 Qxf3 11. gxf3 Ng6 $1 12. Rd1 $1 {[%emt 0:03:29][%mdl 4] is now more promising than 12.Be3. C68: Ruy Lopez: Exchange Variation, sidelines.} O-O-O 13. Kf1 f6 14. Ke2 {[%emt 0:00:57] The position is equal.} c5 15. Be3 {[%emt 0:03:00] [#]} b6 $146 ({Predecessor:} 15... Nh4 16. f4 exf4 17. Bxf4 g5 18. Be3 Ng6 19. Rg1 Rg8 20. a4 Bd6 21. Nxd6+ cxd6 {½-½ (43) Mikuev,E (2258)-Chalupa,I (2086) Prague 2003}) 16. c3 b5 (16... Nf4+ $11 17. Bxf4 exf4) 17. Na5 $14 Rd7 ({Black should play} 17... Nf4+ $14 18. Bxf4 exf4) 18. Rg1 $16 Nh4 19. Nb3 g5 20. Nxc5 Bxc5 21. Bxc5 Rhd8 22. Rad1 (22. Rgd1 $16) 22... Ng6 $14 {[%emt 0:03:58] [#] ...Nf4+ is the strong threat.} 23. Be3 h4 (23... c5 $14) 24. d4 $16 c6 25. b4 Re8 26. Rd2 Kc7 27. Ra1 Ra8 {[%emt 0:10:37] [#]} (27... Nf4+ $16 28. Bxf4 gxf4) 28. a4 $1 $18 Kb7 29. Rda2 bxa4 30. Rxa4 Nf4+ (30... exd4 {was worth a try.} 31. Rd1 (31. cxd4 Nf4+ 32. Bxf4 gxf4 $16) 31... d3+ 32. Rxd3 Rxd3 33. Kxd3 c5 34. bxc5 (34. Bxc5 Nf4+ 35. Ke3 Rd8 $16) 34... Ne5+ 35. Ke2 a5) 31. Bxf4 exf4 {[%emt 0:00:18][%mdl 4096] Endgame KRR-KRR} (31... gxf4 32. dxe5 fxe5) 32. Ra5 Re7 33. Rf5 Re6 34. Kd3 Rd8 35. Raa5 Kb6 36. e5 {[%emt 0:02:08] White is clearly winning.} fxe5 37. Raxe5 Rxe5 38. Rxe5 Rd5 39. Ke4 {[%emt 0:00:26] Weighted Error Value: White=0.10 (very precise) /Black=0.34} (39. Rxd5 $142 cxd5 40. c4) 1-0

[Event "44th Chess Olympiad Open 2022"]
[Site "Chennai"]
[Date "2022.08.06"]
[Round "8.72"]
[White "Hsu, Hsuan-Ming"]
[Black "Dlamini Simphiwe"]
[Result "1-0"]
[ECO "B10"]
[WhiteElo "1900"]
[BlackElo "1569"]
[Annotator "TA"]
[PlyCount "83"]
[EventDate "2022.07.29"]
[EventType "team-tourn"]
[EventCountry "IND"]
[SourceTitle "playchess.com"]
[Source "ChessBase"]
[SourceQuality "1"]
[WhiteTeam "Taiwan"]
[BlackTeam "SWZ"]
[WhiteTeamCountry "TPE"]
[TimeControl "40/5400+30:1800+30"]

1. e4 c6 2. Ne2 d5 3. e5 Bf5 4. Ng3 Bg6 5. h4 h6 6. h5 {[%emt 0:00:21] B10: Caro-Kann: 2 d3 and 2 c4.} Bh7 7. e6 Qd6 {[%emt 0:00:30] was the old line (7...fxe6).} 8. exf7+ {[%emt 0:03:46] The position is equal.} Kxf7 9. d4 Nd7 10. Bd3 Bxd3 11. Qxd3 e5 {[%emt 0:03:36][%cal Be7e5,Be5e4][%mdl 32] [#]} 12. O-O $146 ({Predecessor:} 12. Qf5+ Ke8 13. O-O Ne7 14. Qd3 e4 15. Qe2 Nf6 16. c4 Kd7 17. Nc3 g5 18. c5 {1-0 (32) Marholev,D (2272)-Dokuzov,Y (1641) Plovdiv 2017}) 12... e4 13. Qb3 ({Don't go for} 13. Nxe4 $2 dxe4 14. Qxe4 Ngf6 $19) 13... Qb4 14. f3 Ngf6 15. Qxb4 Bxb4 16. fxe4 dxe4 17. c3 Bd6 18. Nxe4 Bc7 19. Bf4 Nxe4 20. Bxc7+ Ndf6 (20... Nef6 $1 $14) 21. Na3 $36 {[%emt 0:03:36][%mdl 2048] White has strong initiative.} Rhe8 {[%emt 0:04:58] [#]} 22. Be5 $1 Re6 23. Rae1 {[%emt 0:21:08] And now Rxe4 would win.} Kg8 24. Bxf6 gxf6 25. g4 Rae8 26. Kg2 Kf7 27. Nc4 Ng5 28. Rxe6 Rxe6 {[%emt 0:00:02][%mdl 4096] Endgame KRN-KRN} 29. Ne5+ Ke7 30. Nd3 {[%emt 0:00:59] White is more active.} Re4 31. Re1 f5 {[%emt 0:04:48] [#]} 32. gxf5 ({White should try} 32. Rxe4+ $1 Nxe4 33. Kf3 (33. gxf5 Kf6 $16)) 32... Rxe1 33. Nxe1 {[%emt 0:00:11] Threatens to win with Nc2. KN-KN} Kf6 34. Kg3 Kxf5 35. Nd3 Ne6 36. Kh4 a6 37. Ne5 {[%emt 0:00:30] Ng4 is the strong threat.} Kf6 $2 {[%emt 0:03:02][%mdl 8192] Black cannot hold the game after this.} (37... Ng5 $16) 38. Kg4 Nd8 $2 (38... Nc7 {is a better chance.} 39. Nd7+ Ke7) 39. Nd7+ $18 {[%emt 0:00:26] White is clearly winning.} Ke7 40. Nc5 Kf6 41. b4 {[%emt 0:30:50] aiming for a4.} b6 42. Nd7+ {[%emt 0:00:00] Weighted Error Value: White=0.11 (very precise) /Black=0.39} 1-0

[Event "44th Chess Olympiad Open 2022"]
[Site "Chennai"]
[Date "2022.08.06"]
[Round "8.72"]
[White "Sihlongonyane, Sikhanyiso"]
[Black "Liu, Yeh Yang"]
[Result "0-1"]
[WhiteElo "1658"]
[BlackElo "1994"]
[Annotator "TA"]
[PlyCount "25"]
[EventDate "2022.07.29"]
[EventType "team-tourn"]
[EventCountry "IND"]
[SourceTitle "playchess.com"]
[Source "ChessBase"]
[SourceQuality "1"]
[WhiteTeam "SWZ"]
[BlackTeam "Taiwan"]
[BlackTeamCountry "TPE"]
[TimeControl "40/5400+30:1800+30"]

1. e4 c5 2. Nf3 Nc6 3. Bb5 Nd4 {[%emt 0:00:10] [#] A rather calm draw.} {Predecessor:} 4. Nxd4 $146 cxd4 5. c3 a6 6. Bd3 {B30: Sicilian: 2...Nc6 3 Bb5, lines without ...g6.} e5 7. cxd4 exd4 8. O-O Ne7 9. Bc4 Nc6 10. d3 Be7 11. f4 d6 12. Nd2 O-O 13. Nf3 {1-0 (32) Blomqvist,E (2567)-Ehlvest,J (2532) London 2016} 0-1

[Event "44th Chess Olympiad Open 2022"]
[Site "Chennai"]
[Date "2022.08.06"]
[Round "8.73"]
[White "Adu-Poku, Kwabena"]
[Black "Njau, Albert"]
[Result "1/2-1/2"]
[ECO "E16"]
[WhiteElo "1974"]
[BlackElo "1842"]
[Annotator "TA"]
[PlyCount "80"]
[EventDate "2022.07.29"]
[EventType "team-tourn"]
[EventCountry "IND"]
[SourceTitle "playchess.com"]
[Source "ChessBase"]
[SourceQuality "1"]
[WhiteTeam "Ghana"]
[BlackTeam "Tanzania"]
[WhiteTeamCountry "GHA"]
[BlackTeamCountry "TAN"]
[TimeControl "40/5400+30:1800+30"]

1. d4 Nf6 2. c4 e6 3. Nf3 b6 4. g3 Bb7 5. Bg2 Bb4+ 6. Bd2 a5 7. O-O O-O 8. a3 Be7 9. Nc3 Ne4 {[%emt 0:00:44] E16: Queen's Indian: 4 g3 Bb7 5 Bg2 Bb4+.} 10. Qc2 Nxc3 11. Bxc3 f5 {[%emt 0:04:17] White is slightly better.} 12. d5 {[%emt 0:03:26] [#]} Qc8 $146 ({Better is} 12... Bf6) ({Predecessor:} 12... Bf6 13. Nd4 Qe8 14. Rad1 Bxd4 15. Bxd4 e5 16. Bc3 a4 17. f4 e4 18. d6 c5 {0-1 (37) Thomas,A (2128)-Haussernot,C (2108) Mulhouse 2022}) 13. Nd4 $16 g6 {[%emt 0:12:26] [#]} (13... Na6 $16) 14. f4 (14. e4 $1 $18 {is the precise move to win.}) 14... c6 15. dxe6 {[%emt 0:06:12] White is much more active. The black rooks are badly placed.} dxe6 (15... c5 $142) 16. e4 Bc5 17. Kh1 (17. Rad1 $18 {has better winning chances.}) 17... Bxd4 18. Bxd4 c5 19. Bc3 Ra7 20. Rad1 Bc6 21. Rfe1 Rd7 {[%emt 0:01:53] Prevents Rd6.} 22. exf5 exf5 (22... Bxg2+ $16 23. Qxg2 exf5) 23. b3 $2 (23. Bd5+ $18 Rdf7 24. Kg1) 23... Re8 24. Bb2 Bxg2+ 25. Kxg2 {[%emt 0:06:07] And now Qc3 would win.} Nc6 26. Kf2 Kf7 27. Bc3 Rxd1 28. Rxd1 Qe6 29. Rd3 {[%emt 0:02:17] Prevents Qe3+.} Rd8 (29... Nd4 $5 30. Qd1 Qe2+ 31. Qxe2 Rxe2+ 32. Kf1 Rxh2 33. Bxd4 cxd4 $15) 30. Rxd8 Nxd8 $11 {[%emt 0:00:10][%mdl 4096] Endgame KQB-KQN} 31. Qd3 Nc6 32. Qd5 $2 (32. h3 $11) 32... Ke7 $2 (32... Qxd5 $17 33. cxd5 Ne7) 33. Be5 $2 {[%emt 0:01:58][%mdl 8192] This costs White the game.} (33. Qxe6+ $11 Kxe6 34. Ke3) 33... Qxd5 $19 34. cxd5 {[%emt 0:00:02] KB-KN} Nd4 (34... Nxe5 $142 35. fxe5 b5) 35. b4 (35. Ke3 {was worth a try.} Nxb3 36. a4) 35... axb4 36. axb4 {[%emt 0:00:01] [#]} Nc2 $1 37. bxc5 bxc5 38. Ke2 Nb4 39. d6+ Ke6 40. Kd2 Nd5 {[%emt 0:01:02] Weighted Error Value: White=0.60/Black=0.28 (precise)} 1/2-1/2

[Event "44th Chess Olympiad Open 2022"]
[Site "Chennai"]
[Date "2022.08.06"]
[Round "8.73"]
[White "Mlawa, Hemed"]
[Black "Hasford, John Kojo"]
[Result "1/2-1/2"]
[ECO "B07"]
[WhiteElo "1896"]
[BlackElo "1976"]
[Annotator "TA"]
[PlyCount "86"]
[EventDate "2022.07.29"]
[EventType "team-tourn"]
[EventCountry "IND"]
[SourceTitle "playchess.com"]
[Source "ChessBase"]
[SourceQuality "1"]
[WhiteTeam "Tanzania"]
[BlackTeam "Ghana"]
[WhiteTeamCountry "TAN"]
[BlackTeamCountry "GHA"]
[TimeControl "40/5400+30:1800+30"]

1. d4 Nf6 2. Bf4 g6 3. Nc3 Bg7 4. e4 d6 5. Qd2 Nc6 6. O-O-O {[%emt 0:00:17] B07: Pirc Defence: Miscellaneous Systems.} O-O 7. f3 Nh5 8. Bh6 {[%emt 0:00:14] White is better.} e5 9. Bxg7 Kxg7 10. dxe5 dxe5 {[%emt 0:02:24] [#]} 11. Qe3 Nd4 {[%emt 0:01:21] [#]} 12. Nce2 $146 (12. Nge2 $16) ({Predecessor:} 12. Nge2 c5 13. g4 Nf6 14. h4 Be6 15. h5 Rh8 16. h6+ Kf8 17. Ng3 Qa5 18. g5 {1-0 (40) Bakalchuk,J (2410)-Szalanczy,E (2217) Budapest 2018}) 12... c5 $14 13. c3 ({White should try} 13. g4 $14 Nf6 14. c3) 13... Qc7 $11 14. Kb1 Nxe2 15. Nxe2 Be6 16. g4 Nf4 17. Nxf4 exf4 18. Qc1 h6 19. c4 Qe5 20. b3 Rfd8 21. Be2 Rd4 (21... b6 {with more complications.} 22. h4 a5 23. Qc2 Kf6) 22. Rxd4 cxd4 23. Qb2 (23. Bd3 $11) 23... Rd8 (23... Bxg4 $1 $17 {...Bh3 is the strong threat.} 24. Rd1 Be6) 24. Bd3 (24. Rd1 $11 {was preferrable.}) 24... Rd6 (24... h5 $15 {feels stronger.} 25. h3 b6) 25. Rc1 Rc6 26. b4 a6 (26... b6 $15) 27. a3 b6 28. b5 axb5 29. cxb5 Rc3 30. Rxc3 dxc3 {[%emt 0:00:00][%mdl 4096] Endgame KQB-KQB} 31. Qb4 Kh7 32. Kc2 h5 33. h3 Qg5 34. Qxc3 Qh4 35. Qd2 Qxh3 {[%emt 0:00:37] [#] Strongly threatening ...h4.} 36. gxh5 Qxh5 37. Qxf4 {[%emt 0:06:06] Hoping for Qc7.} Qc5+ 38. Kd2 Qxa3 39. Qh2+ Kg7 40. Qe5+ Kf8 41. Qb8+ Ke7 (41... Kg7 $11) 42. Qc7+ (42. Qxb6 $14 Qb4+ 43. Ke2) 42... Kf6 (42... Bd7 $1 $11 {keeps the balance.}) 43. Qf4+ ({White has to play} 43. Qxb6 $16 {aiming for Qd4+.} Qb4+ 44. Ke2) 43... Kg7 {[%emt 0:00:00] Weighted Error Value: White=0.17 (very precise) /Black=0.20 (precise)} 1/2-1/2

[Event "44th Chess Olympiad Open 2022"]
[Site "Chennai"]
[Date "2022.08.06"]
[Round "8.74"]
[White "Prudente, Elmer"]
[Black "Amba Oyon Marius Claude"]
[Result "1-0"]
[ECO "B41"]
[WhiteElo "1995"]
[BlackElo "1938"]
[Annotator "TA"]
[PlyCount "79"]
[EventDate "2022.07.29"]
[EventType "team-tourn"]
[EventCountry "IND"]
[SourceTitle "playchess.com"]
[Source "ChessBase"]
[SourceQuality "1"]
[WhiteTeam "GUM"]
[BlackTeam "CMR"]
[TimeControl "40/5400+30:1800+30"]

1. e4 c5 2. Nf3 e6 3. d4 cxd4 4. Nxd4 a6 5. c4 Qc7 6. Nc3 Nf6 7. a3 Be7 8. Be2 {[%emt 0:00:14] White is more active. B41: Sicilian: Kan Variation: 5 c4.} Nc6 9. Be3 b6 10. O-O {[%emt 0:01:11] [#] White is better.} (10. f4 $5 ) 10... h5 $146 (10... Bb7 $14) ({Predecessor:} 10... Bb7 11. Rc1 Rc8 12. f3 Bd6 13. f4 Bc5 14. Nc2 Ne7 15. Qd3 h5 16. b4 Bxe3+ 17. Qxe3 {1-0 (37) Focke,A (1759)-Schamber,M (1494) Malchow 2018}) 11. h3 Bb7 12. Qc2 Rc8 13. Rac1 Qb8 (13... Ng4 $14 14. hxg4 hxg4) 14. Nxc6 Bxc6 15. Qd3 h4 {[%emt 0:08:45] Black is on the road to losing.} (15... O-O $14) 16. b4 $16 Ba8 17. Rfd1 Rd8 (17... Bd8 $16 18. Bd4 d6) 18. Qd4 $18 e5 19. Qxb6 Qxb6 20. Bxb6 Rb8 21. Bc7 Rc8 22. Bxe5 O-O 23. Bxf6 Bxf6 24. Rxd7 Bxc3 25. Rxc3 Bxe4 26. Ra7 Rc6 27. c5 Rg6 28. f3 Bf5 29. Bxa6 Bxh3 30. Rc2 Bf5 31. Rd2 Re8 32. Bc4 Rf6 33. Kf2 Bg6 34. b5 h3 35. gxh3 Bh5 36. Rd3 Re4 37. Bd5 Re8 38. b6 {[%emt 0:02:17] Black must now prevent b7.} Rd8 {[%emt 0:01:47] [#]} 39. Bxf7+ $1 Bxf7 (39... Kh7 40. Rxd8) 40. Rxd8+ {[%emt 0:00:09] Weighted Error Value: White=0.19 (very precise) /Black=0.53} 1-0